 Dungeon Crawl Stone Soup version 0.23.1-41-g7e51ed3 (webtiles) character file.

Game seed: 14172338101173337513

12270 Borgoz the Slicer (level 11, -55/68 HPs)
             Began as a Gargoyle Gladiator on Mar 30, 2019.
             Was a Follower of Ashenzari.
             Annihilated by a titanic slime creature (93 damage)
             ... on level 12 of the Dungeon.
             The game lasted 00:24:17 (11653 turns).

Borgoz the Slicer (Gargoyle Gladiator)             Turns: 11653, Time: 00:24:18

Health: -55/68     AC: 19    Str: 18    XL:     11   Next: 90%
Magic:  14/14      EV: 17    Int: 12    God:    Ashenzari [*.....]
Gold:   611        SH:  0    Dex: 14    Spells: 10/10 levels left

rFire    . . .     SeeInvis .   q - +0 rapier (freeze)
rCold    . . .     Gourm    .   (no shield)
rNeg     + . .     Faith    .   w - +0 troll leather armour
rPois    ∞         Spirit   .   r - +1 helmet {Int+3}
rElec    +         Reflect  .   u - +1 cloak {MR+}
rCorr    .         Harm     .   (no gloves)
MR       +....                  h - +0 pair of boots
Stlth    +++++.....             n - amulet of regeneration
HPRegen  1.01/turn              j - ring of stealth
MPRegen  0.14/turn              (no ring)

@: no status effects
A: blink, blurry vision 1, negative energy resistance 1, electricity resistance,
unbreathing, petrification resistance, rot immunity, AC +8
a: Blink, Curse Item, Scrying, Renounce Religion


You were on level 12 of the Dungeon.
You worshipped Ashenzari.
Ashenzari was aware of your devotion.
You were not hungry.

You visited 2 branches of the dungeon, and saw 13 of its levels.
You visited the Abyss 1 time.

You collected 714 gold pieces.
You spent 103 gold pieces at shops.

Inventory:

Hand Weapons
 a - a +1 rapier
 q - a +0 rapier of freezing (weapon)
Armour
 h - a +0 pair of boots (worn)
 r - a +1 helmet of intelligence (worn)
 u - a +1 cloak of magic resistance (worn)
 w - a +0 troll leather armour (worn)
 z - +0 acid dragon scales
Jewellery
 j - a ring of stealth (left hand)
 n - an amulet of regeneration (around neck)
Wands
 g - a wand of disintegration (5)
Scrolls
 d - 2 scrolls of fear
 i - a scroll of blinking
 m - 3 scrolls of remove curse
 o - a scroll of magic mapping
 p - 4 scrolls of identify
 t - a scroll of silence
 v - a scroll of amnesia
 x - 4 scrolls of teleportation
 y - 2 scrolls of summoning
Potions
 b - a potion of ambrosia
 e - 4 potions of curing
 k - 3 potions of magic
 l - a potion of haste
 A - a potion of brilliance {unknown}
Comestibles
 f - 19 rations


   Skills:
 + Level 7.6 Fighting
 * Level 9.3 Short Blades
 - Level 1.7 Throwing
 + Level 7.2 Armour
 * Level 8.5 Dodging
 + Level 7.9 Stealth
 - Level 5.0 Evocations


You had 10 spell levels left.
You didn't know any spells.
Your spell library was empty.

Dungeon Overview and Level Annotations

Branches:
Dungeon (12/15)            Temple (1/1) D:7            Lair (0/6) D:9
    Orc (0/2) D:11

Altars:
Ashenzari
Cheibriados
Dithmenos
Elyvilon
Fedhas
Gozag
Hepliaklqana
Kikubaaqudgha
Makhleb
Nemelex Xobeh
Okawaru
Qazlal
Ru
Sif Muna
Trog
Uskayaw
Vehumet
Wu Jian
Xom
Yredelemnul
Zin
The Shining One

Shops:
D:6 !   D:7 *

Annotations:
D:8 Harold, Psyche


Innate Abilities, Weirdness & Mutations

You are resistant to torment.
Your stone body is resilient. (AC +8)
You are immune to poison.
You resist negative energy. (rN+)
You are resistant to electric shocks. (rElec)
You can survive without breathing.
You are immune to petrification.
You are immune to rotting.
You can translocate small distances at will.
Scrolls take you a little longer to read.


Message History

Two slime creatures merge to form a titanic slime creature.
Evoke which item? (* to show all) (? for menu, Esc to quit)
Aiming: Disintegrate
Press: ? - help, Shift-Dir - straight line, f/p - titanic slime creature
Aim: a titanic slime creature (severely wounded, chance to defeat MR: 69%)
The titanic slime creature is blasted!!
Evoke which item? (* to show all) (? for menu, Esc to quit)
Aiming: Disintegrate
Press: ? - help, Shift-Dir - straight line, f/p - titanic slime creature
Aim: a titanic slime creature (severely wounded, chance to defeat MR: 69%)
The titanic slime creature is blasted!!
Evoke which item? (* to show all) (? for menu, Esc to quit)
Aiming: Disintegrate
Press: ? - help, Shift-Dir - straight line, f/p - titanic slime creature
Aim: a titanic slime creature (almost dead, chance to defeat MR: 69%)
The titanic slime creature is blasted!!
The titanic slime creature closely misses you.
The titanic slime creature hits you!!!!
Ouch! That really hurt!
You die...

...# ###.#####
...#########.......###
...##................#
...#..######.......#.+
^....## #.......#
[..### #.......# ...#
#.......# #.##
#####.### ..# #@# .##
##J# ## #..# # #####
#J## .# ....# #># #.#
....#### #.#


.JJ ....'..# #####.# ##.# .####### #.....### ... .#{{ #.......####.# You could
see a titanic slime creature and a slime creature.

Vanquished Creatures
  3 two-headed ogres
  An unseen horror (D:11)
  An ugly thing (D:11)
  A manticore (D:11)
  2 cyclopes
  A gargoyle (D:10)
  A komodo dragon (D:11)
  2 trolls
  Prince Ribbit (D:7)
  4 slime creatures (D:12)
  2 hippogriffs
  Sigmund (D:6)
  A vampire (D:11)
  2 wraiths
  The ghost of Curus the Cleaver, an amateur MiGl (D:4)
  A steam dragon (D:10)
  A hungry ghost (D:11)
  Edmund (D:4)
  An acid dragon (D:12)
  4 ice beasts
  2 black bears
  An eye of draining (D:11)
  6 orc warriors
  A necrophage (D:8)
  3 phantoms
  4 ogres
  5 centaurs
  2 crocodiles
  A big kobold (D:12)
  4 bullfrogs
  3 scorpions
  5 howler monkeys
  2 centaur zombies
  2 crimson imps
  2 bullfrog zombies
  A quasit (D:8)
  4 bullfrog skeletons
  6 orc priests
  7 hounds
  4 jellies
  A centaur skeleton (D:11)
  Crazy Yiuf (D:4)
  Ijyb (D:5)
  3 iguanas
  12 orc wizards
  5 worker ants
  A killer bee zombie (D:5)
  A worker ant zombie (D:6)
  15 adders
  9 gnolls
  A river rat (D:4)
  An ooze (D:1)
  3 adder zombies
  An adder skeleton (D:7)
  4 worms
  A dart slug (D:1)
  6 leopard geckos
  28 orcs
  A ball python (D:4)
  6 giant cockroaches
  11 goblins
  12 hobgoblins
  5 jackals
  6 kobolds
  7 quokkas
  14 bats
  3 frilled lizards
  A jackal skeleton (D:5)
  12 rats
269 creatures vanquished.

Notes
Turn   | Place    | Note
-------+----------+-------------------------------------------
     0 | D:1      | Borgoz the Gargoyle Gladiator began the quest for the Orb.
     0 | D:1      | Reached XP level 1. HP: 12/12 MP: 1/1
   171 | D:1      | Reached XP level 2. HP: 18/18 MP: 2/2
   241 | D:1      | Reached skill level 3 in Short Blades
   293 | D:1      | Reached XP level 3. HP: 22/22 MP: 3/3
   352 | D:1      | Reached skill level 1 in Armour
   735 | D:2      | Reached skill level 1 in Stealth
   774 | D:2      | Found a sacrificial altar of Ru.
   813 | D:2      | Reached XP level 4. HP: 23/27 MP: 4/4
   865 | D:2      | HP: 1/27 [gnoll/+0 spear (5)]
  1391 | D:2      | HP: 1/27 [gnoll/+0 whip (7)]
  1396 | D:2      | Reached XP level 5. HP: 1/32 MP: 5/5
  1405 | D:2      | HP: 1/32 [quokka (1)]
  2541 | D:3      | Reached XP level 6. HP: 25/37 MP: 6/6
  2779 | D:4      | Found a basalt altar of Yredelemnul.
  2785 | D:4      | Found a runed translucent door.
  2788 | D:4      | Noticed Curus's ghost (amateur MiGl)
  2835 | D:4      | Reached skill level 4 in Short Blades
  2848 | D:5      | Entered Level 5 of the Dungeon
  3061 | D:5      | Noticed Ijyb
  3077 | D:5      | Killed Ijyb
  3403 | D:5      | Reached skill level 1 in Evocations
  3435 | D:5      | Reached XP level 7. HP: 33/41 MP: 7/7
  4413 | D:4      | Gained mutation: Scrolls take you a little longer to read.
                  | [potion of mutation]
  4413 | D:4      | Gained mutation: Your spells are a little harder to cast,
                  | but a little more powerful. [potion of mutation]
  4413 | D:4      | Gained mutation: You have sharp toenails. [potion of
                  | mutation]
  4559 | D:4      | Noticed Edmund
  4576 | D:4      | Killed Edmund
  4576 | D:4      | Reached XP level 8. HP: 48/48 MP: 9/9
  4589 | D:4      | Found a runed translucent door.
  4778 | D:4      | Found a runed translucent door.
  4779 | D:4      | Noticed Crazy Yiuf
  4932 | D:4      | Reached skill level 5 in Short Blades
  5137 | D:4      | Killed Curus's ghost
  5232 | D:4      | Killed Crazy Yiuf
  5232 | D:4      | Reached skill level 5 in Dodging
  5761 | D:6      | Reached XP level 9. HP: 41/52 MP: 11/11
  6083 | D:6      | Noticed Sigmund
  6093 | D:6      | Killed Sigmund
  6093 | D:6      | Reached skill level 5 in Fighting
  6093 | D:6      | Reached skill level 6 in Short Blades
  6195 | D:6      | Found Huruzis's Distillery.
  6203 | D:6      | Bought a potion of berserk rage for 75 gold pieces
  6493 | D:7      | Found a staircase to the Ecumenical Temple.
  6541 | D:7      | Noticed Prince Ribbit
  6688 | D:7      | Found Onturch's General Store.
  6693 | D:7      | Bought a scroll of identify for 28 gold pieces
  6786 | D:7      | Lost mutation: Your spells are a little harder to cast, but
                  | a little more powerful. [potion of mutation]
  6786 | D:7      | Lost mutation: You have sharp toenails. [potion of
                  | mutation]
  6786 | D:7      | Lost mutation: Scrolls take you a little longer to read.
                  | [potion of mutation]
  6786 | D:7      | Gained mutation: Scrolls take you a little longer to read.
                  | [potion of mutation]
  6786 | D:7      | Gained mutation: You can translocate small distances at
                  | will. [potion of mutation]
  6817 | D:7      | Reached skill level 5 in Stealth
  7057 | Temple   | Entered the Ecumenical Temple
  7088 | Temple   | Became a worshipper of Ashenzari the Shackled
  7552 | D:7      | Killed Prince Ribbit
  7689 | D:8      | Reached skill level 5 in Armour
  7864 | D:8      | Reached XP level 10. HP: 57/60 MP: 12/12
  7930 | D:8      | Reached skill level 7 in Short Blades
  7935 | D:8      | Noticed Harold
  8301 | D:8      | Noticed Psyche
  8711 | D:9      | Found a staircase to the Lair.
  8944 | D:10     | Entered Level 10 of the Dungeon
  8952 | D:10     | Noticed a gargoyle
  8962 | D:10     | Killed a gargoyle
  9508 | D:10     | Noticed a two-headed ogre
  9508 | D:10     | Noticed a two-headed ogre
  9540 | D:10     | Killed a two-headed ogre
  9546 | D:10     | Killed a two-headed ogre
  9546 | D:10     | Reached skill level 8 in Short Blades
  9546 | D:10     | Reached XP level 11. HP: 46/66 MP: 14/14
  9647 | D:10     | Cast into level 2 of the Abyss (orc warrior)
  9647 | Abyss:2  | Found a corrupted altar of Lugonu.
  9647 | Abyss:2  | Reached * piety under Ashenzari
  9724 | D:10     | Escaped the Abyss
  9733 | D:10     | Reached skill level 5 in Evocations
 10151 | D:11     | Noticed a purple ugly thing
 10153 | D:11     | Killed a purple ugly thing
 10193 | D:11     | Noticed a two-headed ogre
 10215 | D:11     | Killed a two-headed ogre
 10560 | D:11     | Killed an unseen horror
 10778 | D:11     | Noticed a manticore
 10779 | D:11     | Found a staircase to the Orcish Mines.
 10808 | D:11     | Killed a manticore
 11012 | D:11     | Noticed a cyclops
 11028 | D:11     | Killed a cyclops
 11028 | D:11     | Reached skill level 9 in Short Blades
 11363 | D:12     | Noticed a cyclops
 11374 | D:12     | Killed a cyclops
 11653 | D:12     | Annihilated by a titanic slime creature

Skill      XL: |  1  2  3  4  5  6  7  8  9 10 11 |
---------------+----------------------------------+-----
Short Blades   | 3 4 5 6 8 9 |  9.3
Armour         | 1 2 3 4 5 6 7 |  7.2
Dodging        | 3 4 5 6 7 8 |  8.5
Stealth        | 1 2 3 4 5 6 7 |  7.9
Fighting       | 3 4 5 6 7 |  7.6
Evocations     | 1 2 3 4 5 |  5.0
Throwing       | |  1.7

Action                   |  1- 3 |  4- 6 |  7- 9 | 10-12 || total
-------------------------+-------+-------+-------+-------++-------
Melee: Rapier            |   125 |   236 |   525 |   518 ||  1404
Throw: Throwing net      |       |     7 |     6 |     1 ||    14
Evoke: Wand              |       |     2 |       |    27 ||    29
  Use: Potion            |       |     3 |     6 |     3 ||    12
       Scroll            |       |     9 |     4 |     7 ||    20
 Stab: Sleeping          |     1 |     4 |    14 |    22 ||    41
       Held in net/web   |       |     2 |       |     2 ||     4
       Distracted        |       |       |     2 |       ||     2
  Eat: Chunk             |       |     8 |    12 |    13 ||    33
       Ration            |       |       |     1 |       ||     1
Armor: Leather armour    |    65 |   110 |   236 |     5 ||   416
       Skin              |       |    55 |       |       ||    55
       Troll leather arm |       |       |       |   169 ||   169
Dodge: Dodged            |   101 |   192 |   377 |   289 ||   959
